 Dungeon Crawl Stone Soup version 0.20.1-1-g8b1a95d (webtiles) character file.

56 Kingsmith the Magician (level 3, -3/19 HPs)
             Began as a Deep Elf Venom Mage on Dec 8, 2017.
             Killed from afar by bmj180's ghost (4 damage)
             ... with a magic dart
             ... on level 3 of the Dungeon.
             The game lasted 00:02:57 (1582 turns).

Kingsmith the Magician (Deep Elf Venom Mage)        Turns: 1582, Time: 00:02:58

Health: -3/19      AC:  3    Str:  6    XL:     3   Next: 69%
Magic:  8/12       EV: 13    Int: 19    God:
Gold:   149        SH:  0    Dex: 15    Spells: 7/13 levels left

rFire    . . .     SeeInvis .   g - +0 club
rCold    . . .     Gourm    .   (no shield)
rNeg     . . .     Faith    .   a - +0 robe
rPois    .         Spirit   .   h - +0 helmet
rElec    .         Reflect  .   (no cloak)
rCorr    .         Harm     .   (no gloves)
MR       .....                  (no boots)
Stlth    ++........             (no amulet)
Regen    0.1/turn               (no ring)
MPRegen  0.2/turn               (no ring)

@: no status effects
A: no striking features
a: no special abilities


You were on level 3 of the Dungeon.
You were not hungry.

You visited 1 branch of the dungeon, and saw 3 of its levels.

You collected 149 gold pieces.

Inventory:

Hand Weapons
 g - a +0 club (weapon)
Armour
 a - a +0 robe (worn)
 h - a +0 helmet (worn)
Scrolls
 d - 6 scrolls of identify {unknown}
 p - a scroll of noise {unknown}
 q - a scroll of fear {unknown}
 r - a scroll of immolation {unknown}
Potions
 e - 2 potions of resistance {unknown}
 f - 3 potions of haste {unknown}
 i - a potion of curing {unknown}
 j - a potion of mutation {unknown}
 k - 2 potions of cancellation {unknown}
 o - a potion of berserk rage {unknown}
 s - a potion of agility {unknown}
Books
 b - a Young Poisoner's Handbook

   Spells                             Type                      Level
   a - Sting                          Conjuration/Poison           1
   b - Poisonous Vapours              Poison/Air                   2
   c - Mephitic Cloud                 Conjuration/Poison/Air       3
   d - Olgreb's Toxic Radiance        Poison                       4
   e - Venom Bolt                     Conjuration/Poison           5
Comestibles
 c - 3 bread rations
 l - 2 chunks of flesh
 m - a meat ration
 n - 2 royal jellies


   Skills:
 - Level 2.4 Dodging
 - Level 2.4 Stealth
 + Level 5.6 Spellcasting
 - Level 1.1 Conjurations
 - Level 3.2 Poison Magic


You had 7 spell levels left.
You knew the following spells:

 Your Spells              Type           Power        Failure   Level  Hunger
a - Sting                 Conj/Pois      ##..         4%          1    None
b - Poisonous Vapours     Pois/Air       ##....       9%          2    None
c - Mephitic Cloud        Conj/Pois/Air  ##......     19%         3    ##.....


Dungeon Overview and Level Annotations

Branches:
Dungeon (3/15)

Altars:
Trog
Zin

Annotations:
D:3 bmj180's ghost, amateur DECj


Message History

s - a dark potion Bmj180's ghost turns its malevolent gaze towards you.
Bmj180's ghost screams, "Very impressive.
But it won't help.
Nothing will."
Found a green potion.
Found a scroll labeled NUVEDU RAQAK.
Bmj180's ghost whispers, "Death doesn't hurt.
What you feel is life."
d - 6 scrolls labeled NUVEDU RAQAK (gained 1)
There are no items here.
Bmj180's ghost keens inconsolably.
Bmj180's ghost says, "You will join me soon!"
Bmj180's ghost casts a spell at you. The magic dart hits you!
Bmj180's ghost casts a spell at you. The magic dart hits you!
Ouch! That really hurt!
* * * LOW HITPOINT WARNING * * *
Found an escape hatch in the ceiling.
Bmj180's ghost gestures at you while chanting.
The magic dart hits you!
You die...

#...##.. ..## #.......
.... #....#.. #. ...
#....#.. #.#..
..#######....... .#.#..
.............##. ......
...#####<....#
....####..<#######...#
.#.#.#...@.............#
..............#####..#.#
..#.#..##....# #.)#.#
#.W##....#####....###
#..##................
.#####..##.#..###....#####
.........#.##.###.#..#
.....#...#.##........####
.###.#.......!............


You could see bmj180's ghost.

Vanquished Creatures
  2 adders
  A worm (D:2)
  2 dart slugs (D:1)
  2 giant cockroaches
  10 goblins
  A hobgoblin (D:2)
  2 jackals (D:2)
  2 bats
  2 kobolds (D:1)
  7 rats
31 creatures vanquished.

Notes
Turn   | Place    | Note
-------+----------+-------------------------------------------
     0 | D:1      | Kingsmith the Deep Elf Venom Mage began the quest for the Orb.
     0 | D:1      | Reached XP level 1. HP: 10/10 MP: 6/6
   191 | D:1      | Reached XP level 2. HP: 15/15 MP: 4/8
   204 | D:1      | Learned a level 2 spell: Poisonous Vapours
   223 | D:1      | Reached skill level 4 in Spellcasting
   825 | D:2      | Reached XP level 3. HP: 19/19 MP: 2/11
   936 | D:2      | Reached skill level 5 in Spellcasting
  1076 | D:2      | Found a glowing silver altar of Zin.
  1462 | D:2      | Found a bloodstained altar of Trog.
  1514 | D:3      | Learned a level 3 spell: Mephitic Cloud
  1557 | D:3      | Noticed bmj180's ghost (amateur DECj)
  1582 | D:3      | Killed from afar by bmj180's ghost

Skill      XL: |  1  2  3 |
---------------+----------+-----
Spellcasting   | 4 5 |  5.6
Dodging        | |  2.4
Stealth        | |  2.4
Conjurations   | |  1.1
Poison Magic   | |  3.2

Action                   || total
-------------------------++-------
Melee: Club              ||     5
 Cast: Sting             ||    55
       Poisonous Vapours ||    10
  Eat: Chunk             ||     2
Armor: Robe              ||     3
Dodge: Dodged            ||    13
